 Seeded DCSS version 0.28.0-53-g5a82cb258f (webtiles) character file.

Game seed: 9085743 (custom seed)

74 xaos the Magician (level 4, -1/24 HPs)
             Began as a Deep Elf Air Elementalist on June 22, 2022.
             Was an Initiate of Makhleb.
             Succumbed to an adder's poison
             ... on level 3 of the Dungeon on July 3, 2022.
             The game lasted 00:11:32 (3105 turns).

xaos the Magician (Deep Elf Air Elementalist)       Turns: 3105, Time: 00:11:32

Health: -1/24      AC:  5    Str:  7    XL:     4   Next: 9%
Magic:  11/11      EV: 10    Int: 20    God:    Makhleb [......]
Gold:   172        SH:  0    Dex: 15    Spells: 9/10 levels left

rFire   . . .      SeeInvis .   j - +0 hand axe (freeze)
rCold   . . .      Faith    .   (no shield)
rNeg    . . .      Spirit   .   h - +0 ring mail
rPois   .          Reflect  .   (no helmet)
rElec   .          Harm     .   (no cloak)
rCorr   .          Rampage  .   (no gloves)
Will    .....                   (no boots)
Stlth   ++........              (no amulet)
HPRegen 0.08/turn               b - ring of flight
MPRegen 0.12/turn               (no ring)

@: lethally poisoned (-1 -> -8), flying
A: no striking features
a: Renounce Religion


You were on level 3 of the Dungeon.
You worshipped Makhleb.
Makhleb was noncommittal.
You visited 1 branch of the dungeon, and saw 3 of its levels.

You collected 172 gold pieces.

Inventory:

Hand Weapons
 e - a +0 dagger
 j - a +0 hand axe of freezing (weapon)
Armour
 a - a +0 robe
 h - a +0 ring mail (worn)
Jewellery
 b - a ring of flight (left hand)
Wands
 k - a wand of iceblast (6)
Scrolls
 f - a scroll of identify {unknown}
 g - a scroll of immolation {unknown}
Potions
 d - a potion of might {unknown}
 i - a potion of curing {unknown}
 l - a potion of flight {unknown}


   Skills:
 + Level 0.3 Short Blades
 + Level 0.1 Axes
 + Level 0.6 Armour
 + Level 3.1 Dodging
 + Level 2.5 Stealth
 + Level 3.8 Spellcasting
 + Level 1.8 Conjurations
 + Level 3.6 Air Magic


You had 9 spell levels left.
You knew the following spells:

 Your Spells              Type           Power      Damage    Failure   Level
a - Shock                 Conj/Air       56%        1d6       14%         1

Your spell library contained the following spells:

 Spells                   Type           Power      Damage    Failure   Level
 Static Discharge         Conj/Air       14%        N/A       22%         2
 Swiftness                Air            18%        N/A       30%         3
 Airstrike                Air            9%         N/A       69%         4


Dungeon Overview and Level Annotations

Branches:
Dungeon (3/15)

Altars:
Makhleb

Annotations:
D:3 3 runed translucent doors, SanguineChosen's ghost, novice GrFi


Message History

You barely miss the jackal. The jackal barely misses you. x2
The jackal bites you but does no damage.
You hit the jackal. You freeze the jackal.
You kill the jackal!
Makhleb accepts your kill.
You hit the jackal. You freeze the jackal. The jackal barely misses you.
The adder bites you. The jackal misses you.
You closely miss the adder. You hit the jackal but do no damage.
The adder bites you but does no damage. The jackal bites you.
The adder bites you.
You are poisoned.
The adder poisons you!
You hit the jackal but do no damage.
The jackal is severely wounded.
You closely miss the adder.
You feel sick. The jackal closely misses you. The jackal bites you.
The adder closely misses you.
You barely miss the adder. You hit the jackal. You freeze the jackal.
You kill the jackal!
Makhleb accepts your kill.
You feel sick. The adder completely misses you. The adder bites you.
You feel sick. The adder bites you.
* * * LOW HITPOINT WARNING * * *
You are lethally poisoned!
The adder poisons you!
You see here a jackal corpse.
* * * LOW HITPOINT WARNING * * *
You feel sick. The adder bites you but does no damage.
* * * LOW HITPOINT WARNING * * *
You feel sick. The adder bites you but does no damage.
* * * LOW HITPOINT WARNING * * *
You feel sick.
* * * LOW HITPOINT WARNING * * *
You feel sick.
It was a potion of cancellation.
You feel magically purged.
* * * LOW HITPOINT WARNING * * *
You feel sick. The adder bites you but does no damage. The adder bites you.
* * * LOW HITPOINT WARNING * * *
You are more poisoned.
The adder poisons you!
You die...

#..............
####.#.#.####.###.
#........####....#
#.................
#.#..#.#.#######.#.# .#
#.#..#.#.# #..#.# P#P.
#.#..#.#.######..#.#
#...####.#..#.#.#.......#.#
.........#@.#.#.#.####..#.#
............#.#.#.####..#.#
..........S..........#..#.#
#.#..#..........#.##.#..#.#
.<.....†......###.......#.#
#.#...........# ####.#.....
#........................
#.#######.#.##....#....## #
#.#..............


You could see an adder.

Vanquished Creatures
  2 adders
  A worm (D:3)
  2 dart slugs (D:1)
  5 ball pythons
  4 bats
  2 endoplasms
  A giant cockroach (D:1)
  5 goblins
  4 hobgoblins
  5 jackals
  6 kobolds
  A quokka (D:1)
  2 frilled lizards
  6 rats
46 creatures vanquished.

Notes
Turn   | Place    | Note
-------+----------+-------------------------------------------
     0 | D:1      | xaos the Deep Elf Air Elementalist began the quest for the
                  | Orb.
     0 | D:1      | Reached XP level 1. HP: 10/10 MP: 6/6
   347 | D:1      | Reached XP level 2. HP: 15/15 MP: 5/8
  1248 | D:1      | Reached XP level 3. HP: 19/19 MP: 6/9
  2483 | D:2      | You are sucked into a shaft and drop 1 floor!
  2486 | D:3      | Found a runed translucent gate.
  2486 | D:3      | Found a runed translucent gate.
  2486 | D:3      | Found a runed translucent gate.
  2487 | D:3      | Noticed SanguineChosen's ghost (novice GrFi)
  2763 | D:3      | Found a burning altar of Makhleb.
  2801 | D:3      | Became a worshipper of Makhleb the Destroyer
  2871 | D:3      | Reached XP level 4. HP: 24/24 MP: 11/11
  3104 | D:3      | HP: 1/24 [adder (1)]
  3105 | D:3      | Succumbed to an adder's poison

Illustrated notes

Levels and vault maps discovered:
D:1:      lemuel_arrival_funnel, layout_basic
D:2:      layout_basic, chequers_serial_rivers_micro_e, minmay_tetromino_t2,
          uniq_sigmund
D:3:      layout_basic, mainiacjoe_overflow_brackets,
          nicolae_gozag_cash_rules_everything_around_me,
          shapermc_ecumenical_altar_rom_forum, ebering_ghost_rock_garden

Skill      XL: |  1  2  3 |
---------------+----------+-----
Dodging        | 3 |  3.1
Short Blades   | |  0.3
Axes           | |  0.1
Armour         | |  0.6
Stealth        | |  2.5
Spellcasting   | |  3.8
Conjurations   | |  1.8
Air Magic      | |  3.6

Action                   |  1- 3 |  4- 6 || total
-------------------------+-------+-------++-------
Melee: Unarmed           |     3 |       ||     3
       Punch             |     1 |       ||     1
       Dagger            |    16 |       ||    16
       Hand axe          |    53 |    13 ||    66
 Cast: Shock             |    53 |       ||    53
  Use: Potion            |       |     1 ||     1
 Stab: Sleeping          |     1 |       ||     1
Armor: Robe              |    14 |       ||    14
       Ring mail         |    28 |     9 ||    37
Dodge: Dodged            |    78 |    14 ||    92
